 Dungeon Crawl Stone Soup version 0.20-a0-700-gbd4582c (webtiles) character file.

45929 slumpy the Cleaver (level 14, -2/114 HPs)
             Began as a Formicid Fighter on Feb 20, 2017.
             Was a High Priest of Okawaru.
             Slain by a cyan very ugly thing (21 damage)
             ... on level 3 of the Abyss.
             The game lasted 01:06:13 (15382 turns).

slumpy the Cleaver (Formicid Fighter)              Turns: 15382, Time: 01:06:15

Health: -2/114     AC: 14    Str: 21    XL:     14   Next: 73%
Magic:  21/21      EV: 20    Int:  9    God:    Okawaru [*****.]
Gold:   453        SH:  0    Dex: 14    Spells: 4/13 levels left

rFire    + + .     SeeInvis +   a - +6 battleaxe (elec)
rCold    . . .     Gourm    .   H - +1 fire dragon scales
rNeg     . . .     Faith    .   x - +1 large shield
rPois    +         Spirit   .   (helmet unavailable)
rElec    .         Reflect  .   T - scarf {rC+}
rCorr    .         Harm     .   o - +0 pair of gloves
MR       ++...                  k - +1 pair of boots {Fly}
Stlth    ..........             P - amulet of regeneration
Regen    0.7/turn               y - ring of poison resistance
MPRegen  0.2/turn               D - +3 ring of evasion

@: confused, heroism, finesse, flying
A: permanent stasis, dig shafts and tunnels, four strong arms, antennae 3,
clever 1, deformed body, magic resistance 1, weak 1
a: Dig, Shaft Self, Heroism, Finesse, Renounce Religion, Stop Flying


You were on level 3 of the Abyss.
You worshipped Okawaru.
Okawaru was extremely pleased with you.
You were not hungry.

You visited 3 branches of the dungeon, and saw 15 of its levels.
You visited the Abyss 1 time.
You also visited: Ice Cave.

You collected 1239 gold pieces.
You spent 786 gold pieces at shops.

Inventory:

Hand Weapons
 a - a +6 battleaxe of electrocution (weapon)
 b - a +0 arbalest
 c - the +7 war axe of Voceuropn {freeze, *Corrode +Fly rPois rF+ Int+2}
   (You found it on level 5 of the Dungeon)

   It has been specially enchanted to freeze those struck by it, causing extra
   injury to most foes and up to half again as much damage against particularly
   susceptible opponents.
   It can also slow down cold-blooded creatures.
   It affects your intelligence (+2).
   It protects you from fire.
   It protects you from poison.
   It lets you fly.
   It may corrode you when you take damage.
 C - a +4 hand axe of flaming
 R - the +6 broad axe of Capital Punishment {antimagic, rC+ Str-3 Stlth+}
   (Okawaru gifted it to you on level 2 of the Orcish Mines)

   It reduces the magical energy of the wielder, and disrupts the spells and
   magical abilities of those hit.
   Natural abilities and divine invocations are not affected.
   It affects your strength (-3).
   It protects you from cold.
   It makes you more stealthy.
 V - a +2 flail of draining
Missiles
 v - a silver tomahawk (quivered)
 z - a throwing net
 O - 120 bolts
Armour
 k - a +1 pair of boots of flying (worn)
 o - a +0 pair of gloves (worn)
 x - a +1 large shield (worn)
 G - a +0 plate armour
 H - +1 fire dragon scales (worn)
 T - a scarf of cold resistance (worn)
Jewellery
 y - a ring of poison resistance (right hand)
 D - a +3 ring of evasion (left hand)
 F - an uncursed ring of fire
 N - a +2 ring of intelligence
 P - an amulet of regeneration (around neck)
Wands
 w - a wand of disintegration (6/24)
 L - a wand of flame (20/48)
 M - a wand of polymorph (24/24)
 U - a wand of lightning (5/15)
Scrolls
 h - a scroll of vulnerability {unknown}
 j - 2 scrolls of fear
 l - a scroll of amnesia
 m - 4 scrolls of enchant armour
 s - 2 scrolls of enchant weapon
 u - a scroll of recharging
 K - 5 scrolls of remove curse
Potions
 d - 2 potions of cancellation
 e - 3 potions of lignification
 f - a potion of flight {unknown}
 g - 7 potions of curing
 n - a potion of agility
 r - a potion of resistance
 t - 4 potions of might
 A - 2 potions of invisibility {unknown}
 B - a potion of haste {unknown}
 E - 2 potions of brilliance
 I - 2 potions of mutation {unknown}
Books
 W - the Guide on Ashen Curses
   (You found it on level 11 of the Dungeon)

   Spells                             Type                      Level
   a - Tukima's Dance                 Hexes                        3
   b - Statue Form                    Transmutation/Earth          6
Miscellaneous
 Q - a phial of floods
Comestibles
 i - 4 fruits
 p - 2 royal jellies
 q - 9 meat rations


   Skills:
 * Level 11.9(16.9) Fighting
 + Level 12.8(17.8) Axes
 + Level 7.0(12.0) Crossbows
 * Level 10.0(15.0) Armour
 + Level 6.7(11.7) Dodging
 + Level 6.1(11.1) Stealth
 + Level 11.0(16.0) Shields
 * Level 9.5 Invocations


You had 4 spell levels left.
You knew the following spells:

 Your Spells              Type           Power        Failure   Level  Hunger
a - Tukima's Dance        Hex            #.......     100%        3    ####...
b - Statue Form           Tmut/Erth      #........    100%        6    #######


Dungeon Overview and Level Annotations

Branches:
Dungeon (11/15)            Temple (0/1) D:7            Lair (2/6) D:8
 Shoals (0/4) Lair:2          Orc (2/2) D:10            Elf (0/3) Orc:2
  Snake: Lair:2-4    Spider: Lair:2-4

Altars:
Cheibriados
Dithmenos
Fedhas
Gozag
Hepliaklqana
Kikubaaqudgha
Nemelex Xobeh
Okawaru
Sif Muna
Uskayaw
The Shining One
Beogh

Shops:
Orc:1 [   Orc:2 %:}!%


Innate Abilities, Weirdness & Mutations

You cannot be hasted, slowed, berserked, paralysed or teleported.
You can dig through walls and to a lower floor.
Your four strong arms can wield two-handed weapons with a shield.
You have a pair of large antennae on your head. (SInv)
Your mind is acute. (Int +2)
You are resistant to hostile enchantments. (MR+)
You are weak. (Str -2)
[Armour fits poorly on your strangely shaped body.]


Message History

You hear a horrible gurgling sound!
You hear a bark!
A chorus of shrieks assaults your mind.
* * * LOW HITPOINT WARNING * * *
You can't shaft yourself on this level.
Okay, then.
Unknown command.
You slash the cyan very ugly thing!
The cyan very ugly thing is lightly wounded.
You barely miss the ufetubus. You slash the hell hound!
The ufetubus completely misses you. The ufetubus misses you.
You block the hell hound's attack.
You are confused.
You feel invigorated. The ufetubus closely misses you.
The ufetubus completely misses you. The hell hound misses you.
The wretched star pulses with an eldritch light!
Your body twists and deforms.
The cyan very ugly thing headbutts you!!
* * * LOW HITPOINT WARNING * * *
The cyan very ugly thing shocks you!!
You die... u

u. {
{.### ≈ ≈
{{{.{ {
###'###{
#Xu.3.#
#5u#h*#{{
..≈ {#@#
#..#
#..#5.# #
#.. ..#
{{ ###
### { {


You could see a starcursed mass, 2 very ugly things, a wretched star, a
ynoxinul, a hell hound and 2 ufetubi.

Vanquished Creatures
  An orc warlord (Orc:1)
  A stone giant (Orc:1)
  2 very ugly things (Abyss:3)
  Snorg (D:11)
  Josephine (Orc:2)
  4 ogre magi (Orc:2)
  Erolcha (D:11)
  A centaur warrior (D:10)
  13 two-headed ogres
  A vampire mage (D:11)
  Urug (D:11)
  3 deep elf magi (D:11)
  A necromancer (IceCv)
  2 orc sorcerers (D:11)
  A cyclops (D:11)
  An ugly thing (D:11)
  Joseph (D:10)
  2 ice statues (IceCv)
  A large abomination (Abyss:3)
  Maurice (D:11)
  A black mamba (Lair:1)
  A centaur zombie (D:10)
  3 naga magi (D:11)
  3 spiny frogs (Lair:1)
  A rime drake (Lair:1)
  12 ice devils
  A tormentor (Abyss:3)
  The ghost of DEFE the Ducker, a novice DEAK of Lugonu (D:7)
  A komodo dragon (Lair:2)
  2 trolls
  A hornet (D:11)
  3 blink frogs (Lair:1)
  2 hippogriffs
  3 starcursed masses (Abyss:3)
  5 yaks (D:11)
  2 wyverns
  5 wraiths
  The ghost of Graouh the Shield-Bearer, an amateur MiFi (D:3)
  A steam dragon (D:8)
  Edmund (D:6)
  6 water moccasins
  3 wargs
  A sky beast (D:11)
  3 porcupines (Lair:1)
  2 hell hounds (Abyss:3)
  A hornet zombie (D:10)
  2 phantoms
  6 ice beasts
  16 orc warriors
  A black bear (D:6)
  A necrophage (D:8)
  7 centaurs
  The ghost of azzavlup the Poker, an amateur MfSk (D:4)
  36 ogres
  3 crocodiles
  2 big kobolds
  3 bullfrogs
  An earth elemental (Abyss:3)
  A small abomination (Abyss:3)
  20 killer bees
  6 crimson imps
  2 bullfrog zombies
  A quasit (Abyss:3)
  2 draconian simulacra (IceCv)
  5 jellies
  3 bullfrog skeletons
  18 orc priests
  6 hounds
  15 orc wizards
  Ijyb (D:2)
  4 iguanas
  3 troll simulacra (IceCv)
  6 worker ants
  2 centaur simulacra (IceCv)
  2 hound skeletons
  A worker ant zombie (D:10)
  4 gnolls (D:3)
  18 adders
  2 ogre simulacra (IceCv)
  A naga simulacrum (IceCv)
  3 shadow imps
  2 adder skeletons
  4 dart slugs
  2 worms
  4 leopard geckos
  71 orcs
  7 bats
  3 giant cockroaches (D:1)
  4 hobgoblins
  11 jackals
  4 quokkas
  A ball python (D:4)
  A ball python skeleton (D:4)
  3 frilled lizards
  6 goblins
  14 kobolds
  A leopard gecko skeleton (D:5)
  A leopard gecko zombie (D:3)
  A quokka skeleton (D:4)
  2 quokka zombies
  10 rats
  2 fungi (Lair:1)
465 creatures vanquished.

Vanquished Creatures (others)
  A swamp dragon skeleton (Abyss:3)
  12 bushes (Abyss:3)
  14 demonic plants (Abyss:3)
  6 fungi (Lair:1)
33 creatures vanquished.

Grand Total: 498 creatures vanquished

Notes
Turn   | Place    | Note
-------+----------+-------------------------------------------
     0 | D:1      | slumpy the Formicid Fighter began the quest for the Orb.
     0 | D:1      | Reached XP level 1. HP: 18/18 MP: 1/1
   265 | D:1      | Reached XP level 2. HP: 21/24 MP: 2/2
   754 | D:2      | Noticed Ijyb
   763 | D:2      | Killed Ijyb
   763 | D:2      | Reached XP level 3. HP: 26/30 MP: 3/3
   858 | D:2      | Reached XP level 4. HP: 37/37 MP: 4/4
  1035 | D:2      | Found an iron altar of Okawaru.
  1042 | D:2      | Became a worshipper of Warmaster Okawaru
  1287 | D:3      | Reached XP level 5. HP: 22/42 MP: 5/5
  1655 | D:3      | Reached skill level 1 in Invocations
  1920 | D:3      | Found a sparkling altar of Nemelex Xobeh.
  1921 | D:3      | Found a blossoming altar of Fedhas.
  1922 | D:3      | Found a glowing golden altar of the Shining One.
  1938 | D:3      | Reached XP level 6. HP: 28/48 MP: 5/7
  1941 | D:3      | Reached skill level 3 in Axes
  2243 | D:3      | Noticed Graouh's ghost (amateur MiFi)
  2503 | D:4      | Reached * piety under Okawaru
  2516 | D:4      | Reached skill level 1 in Dodging
  2854 | D:4      | Noticed an ogre
  3173 | D:3      | Reached XP level 7. HP: 47/55 MP: 8/8
  3270 | D:4      | Reached skill level 5 in Armour
  3498 | D:4      | Noticed azzavlup's ghost (amateur MfSk)
  3514 | D:4      | Killed azzavlup's ghost
  3514 | D:4      | Reached skill level 5 in Shields
  3549 | D:4      | Reached skill level 5 in Fighting
  3549 | D:4      | Reached skill level 4 in Axes
  4126 | D:5      | Entered Level 5 of the Dungeon
  4358 | D:5      | Reached XP level 8. HP: 62/62 MP: 10/10
  4604 | D:5      | Reached ** piety under Okawaru
  4617 | D:5      | Got an iridescent war axe
  4619 | D:5      | Identified the +7 war axe of Voceuropn {freeze, *Corrode +Fly rPois rF+ Int+2} (You found it on level 5 of the Dungeon)
  4794 | D:5      | You fall through a shaft!
  4794 | D:6      | Found a hide-covered altar of Uskayaw.
  4822 | D:6      | Noticed Edmund
  4830 | D:6      | Killed Edmund
  4844 | D:6      | Reached skill level 5 in Axes
  4968 | D:6      | Reached XP level 9. HP: 68/68 MP: 12/12
  4971 | D:6      | Found a hazy altar of Hepliaklqana.
  5286 | D:5      | Found an ancient bone altar of Kikubaaqudgha.
  5842 | D:6      | Reached skill level 6 in Axes
  5929 | D:7      | Reached *** piety under Okawaru
  5968 | D:7      | Noticed DEFE's ghost (novice DEAK)
  6083 | D:3      | Killed Graouh's ghost
  6758 | D:7      | Found a staircase to the Ecumenical Temple.
  6843 | D:7      | Killed DEFE's ghost
  6866 | D:7      | Reached skill level 1 in Crossbows
  7069 | D:7      | Found a shadowy altar of Dithmenos.
  7225 | D:8      | Noticed a two-headed ogre
  7237 | D:8      | Killed a two-headed ogre
  7237 | D:8      | Reached **** piety under Okawaru
  7237 | D:8      | Reached skill level 7 in Axes
  7237 | D:8      | Reached skill level 5 in Stealth
  7237 | D:8      | Reached XP level 10. HP: 27/77 MP: 11/13
  7634 | D:8      | Found an opulent altar of Gozag.
  7740 | D:8      | Found a staircase to the Lair.
  7940 | D:8      | Found a snail-covered altar of Cheibriados.
  8244 | Lair:1   | Entered Level 1 of the Lair of Beasts
  8247 | Lair:1   | Reached skill level 5 in Dodging
  8279 | Lair:1   | Reached skill level 5 in Invocations
  8349 | Lair:1   | Noticed an ice devil
  8350 | Lair:1   | Found a frozen archway.
  8357 | Lair:1   | Noticed an ice devil
  8359 | Lair:1   | Killed an ice devil
  8359 | Lair:1   | Received a gift from Okawaru
  8367 | Lair:1   | Killed an ice devil
  8377 | IceCv    | Entered an ice cave
  8383 | IceCv    | Noticed an ice devil
  8394 | IceCv    | Killed an ice devil
  8394 | IceCv    | Reached skill level 8 in Axes
  8394 | IceCv    | Reached XP level 11. HP: 67/84 MP: 13/15
  8420 | IceCv    | Reached ***** piety under Okawaru
  8583 | IceCv    | Received a gift from Okawaru
  8654 | IceCv    | Noticed a necromancer
  8663 | IceCv    | Killed a necromancer
  9219 | Lair:1   | Reached skill level 9 in Axes
  9330 | Lair:1   | You fall through a shaft!
  9331 | Lair:2   | Found a staircase to the Shoals.
 10058 | Lair:1   | Reached XP level 12. HP: 77/94 MP: 17/17
 10491 | Lair:2   | Reached skill level 5 in Crossbows
 10496 | Lair:2   | Noticed a six-headed hydra
 10946 | D:10     | Entered Level 10 of the Dungeon
 11172 | D:10     | Noticed Joseph
 11186 | D:10     | Killed Joseph
 11228 | D:10     | Reached ****** piety under Okawaru
 11341 | D:10     | Got a distressingly furry leather armour
 11352 | D:10     | Identified the +2 leather armour "Ryetumek" {rF+ Regen+} (You found it on level 10 of the Dungeon)
 11777 | D:10     | Noticed a centaur warrior
 11790 | D:10     | Killed a centaur warrior
 11790 | D:10     | Received a gift from Okawaru
 11881 | D:10     | Found a staircase to the Orcish Mines.
 11906 | Orc:1    | Entered Level 1 of the Orcish Mines
 11916 | Orc:1    | Reached skill level 10 in Axes
 12172 | Orc:2    | Entered Level 2 of the Orcish Mines
 12227 | Orc:2    | Found a staircase to the Elven Halls.
 12253 | Orc:2    | Noticed a two-headed ogre
 12255 | Orc:2    | Noticed a two-headed ogre
 12363 | Orc:2    | Killed a two-headed ogre
 12364 | Orc:2    | Killed a two-headed ogre
 12364 | Orc:2    | Received a gift from Okawaru
 12365 | Orc:2    | Got a crystal broad axe {god gift}
 12366 | Orc:2    | Identified the +6 broad axe of Capital Punishment {antimagic, rC+ Str-3 Stlth+} (Okawaru gifted it to you on level 2 of the Orcish Mines)
 12388 | Orc:2    | Found a roughly hewn altar of Beogh.
 12460 | Orc:2    | Noticed a two-headed ogre
 12467 | Orc:2    | Killed a two-headed ogre
 12513 | Orc:2    | Found Abruj's Food Boutique.
 12734 | Orc:1    | Noticed a stone giant
 12754 | Orc:1    | Killed a stone giant
 12754 | Orc:1    | Reached XP level 13. HP: 80/102 MP: 17/19
 12799 | Orc:1    | Noticed an orc warlord
 12827 | Orc:1    | Killed an orc warlord
 12827 | Orc:1    | Received a gift from Okawaru
 12827 | Orc:1    | Reached skill level 10 in Fighting
 12829 | Orc:1    | Found Fawafafa's Armour Shoppe.
 12977 | Orc:2    | Reached skill level 11 in Axes
 13117 | Orc:2    | Noticed an ogre mage
 13118 | Orc:2    | Killed an ogre mage
 13120 | Orc:2    | Noticed an ogre mage
 13144 | Orc:2    | Killed an ogre mage
 13144 | Orc:2    | Received a gift from Okawaru
 13229 | Orc:2    | Reached skill level 10 in Shields
 13442 | Orc:2    | Received a gift from Okawaru
 13482 | Orc:2    | Reached skill level 12 in Axes
 13491 | Orc:2    | Found Xoocikh's Book Boutique.
 13491 | Orc:2    | Found Ostue's Gadget Emporium.
 13492 | Orc:2    | Found Eplarheb's Distillery.
 13492 | Orc:2    | Found Gyeb's Food Shop.
 13523 | Orc:2    | Noticed Josephine
 13530 | Orc:2    | Reached XP level 14. HP: 101/113 MP: 17/20
 13533 | Orc:2    | Killed Josephine
 13817 | Orc:1    | Bought a +0 pair of gloves for 49 gold pieces
 13822 | Orc:1    | Bought +1 fire dragon scales for 737 gold pieces
 14016 | D:11     | Gained mutation: You are weak. (Str -2) [mutagenic meat]
 14150 | D:11     | Noticed Urug
 14163 | D:11     | Killed Urug
 14217 | D:11     | Noticed Maurice
 14223 | D:11     | Killed Maurice
 14277 | D:11     | Noticed Erolcha
 14288 | D:11     | Killed Erolcha
 14476 | D:11     | Noticed Snorg
 14485 | D:11     | Killed Snorg
 14762 | D:11     | Found a deep blue altar of Sif Muna.
 14837 | D:11     | Identified the Guide on Ashen Curses
 14843 | D:11     | Learned a level 3 spell: Tukima's Dance
 14850 | D:11     | Learned a level 6 spell: Statue Form
 14887 | D:11     | Noticed a deep elf sorcerer
 14898 | D:11     | Cast into level 3 of the Abyss (a deep elf sorcerer)
 15045 | Abyss:3  | Noticed a white very ugly thing
 15052 | Abyss:3  | Noticed a white very ugly thing
 15053 | Abyss:3  | Killed a white very ugly thing
 15054 | Abyss:3  | Killed a white very ugly thing
 15054 | Abyss:3  | Received a gift from Okawaru
 15063 | Abyss:3  | Gained mutation: You are resistant to electric shocks. (rElec) [mutagenic meat]
 15064 | Abyss:3  | Gained mutation: You are resistant to hostile enchantments. (MR+) [mutagenic meat]
 15065 | Abyss:3  | Gained mutation: Your mind is acute. (Int +2) [mutagenic meat]
 15066 | Abyss:3  | Lost mutation: You are resistant to electric shocks. (rElec) [mutagenic meat]
 15349 | Abyss:3  | Noticed a starcursed mass
 15363 | Abyss:3  | Reached skill level 10 in Armour
 15364 | Abyss:3  | Noticed a cyan very ugly thing
 15365 | Abyss:3  | Noticed a cyan very ugly thing
 15382 | Abyss:3  | Slain by a cyan very ugly thing

Vault maps used:
D:1:      lightli_iron_boxes, hangedman_decor_growths
D:2:      okawaru_trees_1, uniq_iyjb
D:3:      minmay_wonky_spiral, nemelex_xobeh_ov_fountains_minmay,
          chequers_temple_overflow_statue_of_worship
D:4:      kennysheep_generic_room_3
D:5:      lemuel_round_altar, first_bread
D:6:      overflow_temple_1_default, nicolae_overflow_crystal_walls,
          kennysheep_doodads, uniq_edmund
D:7:      minmay_temple_entry_fiery, grunt_dithmenos_shadows
D:8:      kennysheep_mini, cheibrodos_worm_habitat, lair_entry_dummy,
          grunt_ogre_cave
D:10:     hiddenorc1_lemuel, uniq_joseph
D:11:     evilmike_library_of_no_secrets, uniq_maurice, uniq_urug, uniq_snorg,
          uniq_erolcha
Lair:1:   portal_ice_cave_demonic_guard
Lair:2:   shoals_dummy_entry, dummy_snake_entry
Orc:1:    serial_shops, nicolae_shop_temple_entry_statues_fountains
Orc:2:    st_orc_ogre_mass, basic_altar, serial_shops, shop, uniq_josephine
Abyss:3:  nicolae_abyss_rune_star_stuff, evilmike_abyss_exit_plants
IceCv:    ice_cave_tombish

Skill      XL: |  1  2  3  4  5  6  7  8  9 10 11 12 13 14 |
---------------+-------------------------------------------+-----
Armour         | 4 5 6 7 8 10 | 10.0
Shields        | 4 5 6 7 8 9 10 11 | 11.0
Fighting       | 4 5 6 7 8 9 11 | 11.9
Invocations    | 1 2 3 4 5 7 8 9 |  9.5
Axes           | 3 4 5 7 8 9 10 12 | 12.8
Dodging        | 1 2 4 5 6 |  6.7
Stealth        | 2 5 6 |  6.1
Crossbows      | 2 3 4 5 6 7 |  7.0

Action                   |  1- 3 |  4- 6 |  7- 9 | 10-12 | 13-15 || total
-------------------------+-------+-------+-------+-------+-------++-------
Melee: War axe           |    43 |   209 |   233 |   197 |       ||   682
       Battleaxe         |       |       |       |   222 |   328 ||   550
 Fire: Hand crossbow     |       |       |    25 |   204 |    11 ||   240
       Arbalest          |       |       |       |       |    71 ||    71
Throw: Tomahawk          |       |     2 |     1 |       |       ||     3
Invok: Heroism           |       |     1 |     8 |    10 |    12 ||    31
       Finesse           |       |       |       |     2 |     2 ||     4
 Abil: Shaft Self        |       |       |       |     1 |       ||     1
       Dig               |       |       |       |     2 |       ||     2
  Use: Potion            |       |     1 |       |     1 |     1 ||     3
       Scroll            |       |       |     5 |    13 |       ||    18
 Stab: Sleeping          |       |       |       |     4 |       ||     4
  Eat: Chunk             |       |     7 |    14 |    17 |    13 ||    51
       Royal jelly       |       |       |       |     1 |     1 ||     2
Armor: Scale mail        |    18 |    61 |    39 |    21 |       ||   139
       Chain mail        |       |    33 |     9 |    23 |       ||    65
       Plate armour      |       |       |       |     8 |    14 ||    22
       Fire dragon scale |       |       |       |       |    45 ||    45
Dodge: Dodged            |    10 |    71 |    80 |   124 |   116 ||   401
Block: Shield            |    19 |   107 |       |       |       ||   126
       Large shield      |       |    28 |   205 |   375 |   284 ||   892
